 Dungeon Crawl Stone Soup version 0.30-a0-149-g7f746667c4 (webtiles) character file.

Game seed: 4495463885146381391

105 ragingrage the Charlatan (level 4, 0/29 HPs)
             Began as a Demonspawn Artificer on Sept 26, 2022.
             Slain by a ball python (2 damage)
             ... on level 3 of the Dungeon.
             The game lasted 00:03:33 (4002 turns).

ragingrage the Charlatan (Demonspawn Artificer)     Turns: 4002, Time: 00:03:33

Health: 0/29       AC:  3    Str: 12    XL:     4   Next: 53%
Magic:  6/6        EV: 11    Int: 15    God:
Gold:   101        SH:  0    Dex: 11    Spells: 4/5 levels left

rFire   . . .      SeeInvis .    h - +1 mace
rCold   . . .      Faith    .    (no shield)
rNeg    . . .      Spirit   .    b - +0 leather armour
rPois   .          Reflect  .    (no helmet)
rElec   .          Harm     .    (no cloak)
rCorr   .          Rampage  .    (no gloves)
Will    .....                    (no boots)
Stlth   +.........               (no amulet)
HPRegen 0.09/turn                (no ring)
MPRegen 0.10/turn                (no ring)

@: no status effects
A: foul stench 1, clumsy 1, frail 1, screaming 1
a: no special abilities


You were on level 3 of the Dungeon.
You visited 1 branch of the dungeon, and saw 3 of its levels.

You collected 101 gold pieces.

Inventory:

Hand Weapons
 h - a +1 mace (weapon)
Armour
 b - a +0 leather armour (worn)
Jewellery
 l - a ring of ice
Wands
 c - a wand of flame (13)
 d - a wand of charming (14)
 e - a wand of iceblast (5)
Scrolls
 a - 2 scrolls of magic mapping
 g - 2 scrolls of identify {unknown}
Potions
 f - a potion of brilliance


   Skills:
 - Level 1.6 Fighting
 - Level 1.7 Armour
 - Level 0.8 Dodging
 - Level 0.8 Stealth
 + Level 1.4 Spellcasting
 + Level 2.0 Earth Magic
 - Level 4.0 Evocations


You had 4 spell levels left.
You knew the following spells:

 Your Spells              Type           Power      Damage    Failure   Level
a - Sandblast             Erth           14%        2d6       13%         1

Your spell library contained the following spells:

 Spells                   Type           Power      Damage    Failure   Level
 Passwall                 Tmut/Erth      3%         N/A       30%         2
 Stone Arrow              Conj/Erth      8%         3d7       52%         3


Dungeon Overview and Level Annotations

Branches:
Dungeon (3/15)

Altars:


Innate Abilities, Weirdness & Mutations

You may rarely emit foul miasma when damaged in melee.
You are clumsy. (Dex -2)
You are frail. (-10% HP)
You occasionally shout uncontrollably at your foes.


Message History

The orc is lightly wounded.
The frilled lizard closely misses you.
The orc priest mumbles some strange prayers to Beogh against you.
Beogh smites you! The orc hits you with a +0 club. x2
The frilled lizard bites you but does no damage.
You are too injured to fight recklessly!
You are too injured to fight recklessly!
You are too injured to fight recklessly!
You are too injured to fight recklessly!
You are too injured to fight recklessly!
You are too injured to fight recklessly!
You are too injured to fight recklessly!
You are too injured to fight recklessly!
You are too injured to fight recklessly!
You are too injured to fight recklessly!
You are too injured to fight recklessly!
You are too injured to fight recklessly!
You are too injured to fight recklessly!
You are too injured to fight recklessly!
You are too injured to fight recklessly!
You are too injured to fight recklessly!
You are too injured to fight recklessly!
You are too injured to fight recklessly!
The orc attacks as you move away! The orc barely misses you.
You hit the frilled lizard.
You kill the frilled lizard!
You hit the orc priest.
The orc priest is lightly wounded.
You barely miss the orc. The orc misses you.
You hit the orc.
The orc is severely wounded.
The orc priest calls down the wrath of Beogh upon you.
Beogh smites you!
* * * LOW HITPOINT WARNING * * *
The orc barely misses you.
You hit the orc.
You kill the orc!
The ball python barely misses you. The ball python closely misses you.
You barely miss the ball python. The ball python bites you.
You die...

,,,,,,,,,,,,,,,,,,,,*,*
,,,,,,,,,......,,,,**,*
,,,,,,,,,,.....,,,,**,*
***,,,*,,,,....#+*,,,,*
,,,,,,*,,,,,...#.######
**,,,,,,,,,##..#.#....#
,,,,,<,,,,,,...#....#.#
**,****,...###.###..#.#
*,,,,,,......oS@.#...#
###****,###.##.##.#.###
..####*,,,*,*#.*#.#.#
).....,,*,*,*#.*#.#.#
..####***,*,*#.*#.#.#
###,,,,,,,*,,..,#.#.#
*,,,,,*****#.,#.#.####
*****,*### #.,..#....#
*,,..# ***,>####.#


You could see an orc priest and a ball python.

Vanquished Creatures
  A jelly (D:3)
  3 worms (D:2)
  2 dart slugs
  3 orcs (D:3)
  8 endoplasms
  A giant cockroach (D:1)
  2 goblins (D:2)
  9 hobgoblins
  A jackal (D:3)
  5 ball pythons
  9 bats
  3 frilled lizards
  4 kobolds (D:2)
  6 rats
57 creatures vanquished.

Vanquished Creatures (collateral kills)
  A giant cockroach (D:2)
1 creature vanquished.

Vanquished Creatures (others)
  A kobold (D:2)
1 creature vanquished.

Grand Total: 59 creatures vanquished

Notes
Turn   | Place    | Note
-------+----------+-------------------------------------------
     0 | D:1      | ragingrage the Demonspawn Artificer began the quest for the
                  | Orb.
     0 | D:1      | Reached XP level 1. HP: 15/15 MP: 1/1
   638 | D:1      | Gained mutation: You may rarely emit foul miasma when
                  | damaged in melee. [demonic ancestry]
   638 | D:1      | Reached XP level 2. HP: 19/21 MP: 2/2
   640 | D:1      | Learned a level 1 spell: Sandblast
  1875 | D:2      | Reached skill level 1 in Earth Magic
  1909 | D:2      | Reached XP level 3. HP: 8/27 MP: 0/3
  2239 | D:2      | HP: 1/27 [kobold/+0 dagger (3)]
  3647 | D:3      | Reached skill level 1 in Spellcasting
  3791 | D:3      | Reached XP level 4. HP: 33/33 MP: 3/5
  3803 | D:3      | Gained mutation: Your mind is acute. (Int +4, Str/Dex -1)
                  | [potion of mutation]
  3803 | D:3      | Gained mutation: You have hidden genetic defects. [potion
                  | of mutation]
  3811 | D:3      | Reached skill level 4 in Evocations
  3811 | D:3      | Gained mutation: You are frail. (-10% HP) [hidden defects]
  3818 | D:3      | Lost mutation: Your mind is acute. (Int +4, Str/Dex -1)
                  | [potion of mutation]
  3818 | D:3      | Lost mutation: You have hidden genetic defects. [potion of
                  | mutation]
  3818 | D:3      | Gained mutation: You occasionally shout uncontrollably at
                  | your foes. [potion of mutation]
  3818 | D:3      | Gained mutation: You are clumsy. (Dex -2) [potion of
                  | mutation]
  4000 | D:3      | HP: 1/29 [orc priest/divine providence (11)]
  4002 | D:3      | Slain by a ball python

Illustrated notes

Levels and vault maps discovered:
D:1:      minmay_arrival_jagged, layout_basic, serial_glass, glass_columns_a,
          glass_columns_c
D:2:      layout_basic, basic_altar, minmay_3d_cube
D:3:      minmay_general_purpose_star, layout_basic, serial_shops, shop,
          minmay_fractal_squares_5

Skill      XL: |  1  2  3  4 |
---------------+-------------+-----
Earth Magic    | 1 2 |  2.0
Spellcasting   | 1 |  1.4
Evocations     | 4 |  4.0
Fighting       | |  1.6
Armour         | |  1.7
Dodging        | |  0.8
Stealth        | |  0.8

Action                   |  1- 3 |  4- 6 || total
-------------------------+-------+-------++-------
Melee: Club              |    20 |       ||    20
       Mace              |   103 |    25 ||   128
       Punch             |     2 |       ||     2
 Cast: Sandblast         |    38 |     3 ||    41
Evoke: Wand              |     3 |       ||     3
  Use: Scroll            |     3 |       ||     3
       Potion            |       |     6 ||     6
 Stab: Sleeping          |     3 |       ||     3
Armor: Leather armour    |    54 |     7 ||    61
Dodge: Dodged            |    84 |    35 ||   119

Table legend: (Time is in decaauts)
 A = Elapsed time spent in this place.
 B = Non-inter-level travel time spent in this place.
 C = Inter-level travel time spent in this place.
 D = Time resting spent in this place.
 E = Time spent auto-exploring this place.
 F = Levels seen in this place.
 G = Mean time per level.
                   A        B        C        D        E       F      G
               +--------+--------+--------+--------+--------+-----+--------+
         Total |   4078 |   4031 |     47 |   1557 |   1906 |   3 | 1359.3 |
       Dungeon |   4078 |   4031 |     47 |   1557 |   1906 |   3 | 1359.3 |
               +--------+--------+--------+--------+--------+-----+--------+

Top non-repeatable levels by time:
     D:2: 2015 daAuts
     D:1: 1616 daAuts
     D:3: 446 daAuts
